 Dungeon Crawl Stone Soup version 0.21.0-3-g78d12a8bdd (webtiles) character file.

34379 KamiKatze the Slicer (level 13, -4/69 HPs)
             Began as a Vine Stalker Fighter on Jan 10, 2018.
             Was a Believer of Uskayaw.
             Slain by a death yak simulacrum (18 damage)
             ... in an ice cave.
             The game lasted 01:07:25 (16951 turns).

KamiKatze the Slicer (Vine Stalker Fighter)        Turns: 16951, Time: 01:07:27

Health: -4/69      AC: 25    Str: 23    XL:     13   Next: 77%
Magic:  0/28       EV:  9    Int:  6    God:    Uskayaw [**....]
Gold:   1344       SH: 13    Dex: 18    Spells: 12/12 levels left

rFire    + . .     SeeInvis .   a - +1 rapier
rCold    . . .     Gourm    .   c - +1 shield
rNeg     . . .     Faith    +   p - +2 plate armour {rF+}
rPois    .         Spirit   +   z - +2 helmet
rElec    .         Reflect  .   G - +0 cloak
rCorr    .         Harm     .   (no gloves)
MR       +....                  b - +2 pair of boots
Stlth    ..........             j - amulet of faith
HPRegen  1.01/turn              y - ring of magical power
MPRegen  0.21/turn              C - +3 ring of dexterity (curse)

@: no status effects
A: fangs 3, dopey 1, regeneration 2, magic shield, antimagic bite, no potion
heal 3, rot immunity
a: Stomp, Line Pass, Renounce Religion


You were in an ice cave.
You worshipped Uskayaw.
Uskayaw was noncommittal.
You were not hungry.

You visited 4 branches of the dungeon, and saw 19 of its levels.
You also visited: Ossuary and Ice Cave.

You collected 1344 gold pieces.

Inventory:

Hand Weapons
 a - a +1 rapier (weapon)
Missiles
 e - 512 stones (quivered)
 m - 2 throwing nets
 o - 22 tomahawks
 J - 4 poisoned tomahawks
Armour
 b - a +2 pair of boots (worn)
 c - a +1 shield (worn)
 p - a +2 plate armour of fire resistance (worn)
 z - a +2 helmet (worn)
 G - a +0 cloak (worn)
 I - a scarf of cloud immunity
Jewellery
 j - an amulet of faith (around neck)
 y - a ring of magical power (left hand)
 C - a cursed +3 ring of dexterity (right hand)
Wands
 q - a wand of paralysis (14)
 t - a wand of disintegration (19)
 x - a wand of flame (23)
Scrolls
 d - a scroll of fear
 h - 4 scrolls of identify
 i - 8 scrolls of teleportation
 u - a scroll of magic mapping
 v - 3 scrolls of blinking
 E - 6 scrolls of remove curse
 H - a scroll of summoning
 K - a scroll of amnesia
Potions
 g - 5 potions of flight
 l - a potion of magic
 n - 6 potions of curing
 r - 2 potions of agility
 D - 2 potions of invisibility
 F - a potion of lignification
Comestibles
 f - 30 rations
 k - 2 chunks of flesh


   Skills:
 + Level 8.3 Fighting
 * Level 11.3 Short Blades
 * Level 10.5 Armour
 + Level 6.2 Dodging
 + Level 8.3 Shields
 + Level 7.3 Invocations


You had 12 spell levels left.
You didn't know any spells.

Dungeon Overview and Level Annotations

Branches:
Dungeon (10/15)            Temple (1/1) D:4            Lair (6/6) D:8
  Swamp (0/4) Lair:2       Spider (0/4) Lair:2        Slime (0/5) Lair:5
    Orc (2/2) D:9
    Elf: Orc:2

Altars:
Ashenzari
Cheibriados
Dithmenos
Elyvilon
Fedhas
Gozag
Hepliaklqana
Kikubaaqudgha
Makhleb
Nemelex Xobeh
Okawaru
Qazlal
Ru
Sif Muna
Trog
Uskayaw
Vehumet
Wu Jian
Xom
Yredelemnul
Zin
The Shining One

Shops:
D:6 *   D:9 (

Annotations:
D:6 2 transporters
D:8 marsu's ghost, novice MiBe
D:10 Snorg
Lair:1 2 transporters
Lair:5 exclusion: oklob plant
Lair:6 complete this!


Innate Abilities, Weirdness & Mutations

You have razor-sharp teeth.
You heal very quickly.
When hurt, damage is shared between your health and your magic reserves.
Your bite disrupts and absorbs the magic of your enemies.
Potions cannot restore your health.
You are immune to rotting.
You are dopey. (Int -2)


Message History

You hit the death yak simulacrum but do no damage.
You bite the death yak simulacrum, but do no damage.
The death yak simulacrum is moderately damaged.
You hit the death yak simulacrum but do no damage.
You bite the death yak simulacrum. You drain its power.
You feel invigorated.
The death yak simulacrum is moderately damaged.
The death yak simulacrum gores you but does no damage.
The polar bear simulacrum barely misses you.
The polar bear simulacrum closely misses you.
You block the polar bear simulacrum's attack.
The death yak simulacrum gores you! The death yak simulacrum freezes you!!
* * * LOW HITPOINT WARNING * * *
You can now pass through a line of other dancers.
You completely miss the death yak simulacrum.
You bite the death yak simulacrum. You drain its power.
You feel invigorated.
The death yak simulacrum is lightly damaged.
The death yak simulacrum gores you!
* * * LOW HITPOINT WARNING * * *
The death yak simulacrum freezes you!!
You die... #. .## ..## ...## #...# ##...# #ZZZ#

##.@.##
##.....##
#...∩...#
#.......#
##..∩..##
##...##
#####


You could see 2 death yak simulacra and a polar bear simulacrum.

Vanquished Creatures
  An orc warlord (D:9)
  3 two-headed ogres
  An orc knight (Orc:1)
  Pikel (D:7)
  A harpy (shapeshifter) (D:8)
  3 orc sorcerers
  Maurice (D:9)
  2 black mambas
  10 spiny frogs
  A torpor snail (Lair:4)
  4 gargoyles (D:10)
  2 komodo dragons
  2 rime drakes
  A tyrant leech (Lair:5)
  2 trolls
  A jumping spider (Lair:2)
  A polar bear (Lair:5)
  Prince Ribbit (D:7)
  A slime creature (D:6)
  7 hippogriffs
  8 blink frogs
  A redback (Lair:2)
  A spriggan (D:7)
  Eustachio (D:4)
  30 yaks
  2 wyverns
  2 basilisks
  A hungry ghost (D:10)
  A vampire mosquito (Lair:5)
  7 wargs
  12 water moccasins
  Duvessa (D:7)
  11 porcupines
  12 ice beasts
  11 orc warriors
  3 slaves
  2 sky beasts
  An eye of draining (D:10)
  A phantom (D:5)
  2 black bears
  7 ogres
  4 wolves (Lair:1)
  9 crocodiles
  4 centaurs
  A big kobold (D:10)
  15 bullfrogs
  Dowan (D:7)
  7 scorpions
  19 killer bees
  4 wights (D:9)
  2 howler monkeys
  2 centaur zombies
  4 crimson imps
  3 quasits
  A bullfrog zombie (D:10)
  5 hounds
  A human zombie (Ossuary)
  4 jellies
  13 orc priests
  2 gnoll shamans (D:6)
  Jessica (D:2)
  5 iguanas
  Ijyb (D:5)
  6 worker ants
  13 orc wizards
  A wolf simulacrum (IceCv)
  A big kobold zombie (Ossuary)
  3 mummies (Ossuary)
  10 gnolls
  17 adders
  A shadow imp (D:9)
  2 oozes
  An adder skeleton (D:8)
  4 worms
  4 dart slugs
  6 leopard geckos
  48 orcs
  10 bats
  14 giant cockroaches
  2 gnoll zombies (Ossuary)
  12 goblins
  10 hobgoblins
  22 jackals
  13 kobolds
  9 quokkas
  A ball python (D:2)
  5 frilled lizards
  A goblin zombie (Ossuary)
  2 hobgoblin zombies (Ossuary)
  A jackal skeleton (D:6)
  A leopard gecko skeleton (D:6)
  An orc zombie (Ossuary)
  A quokka skeleton (D:6)
  7 rats
  A bush (D:3)
  A fungus (Lair:5)
  2 plants
504 creatures vanquished.

Vanquished Creatures (others)
  2 orc wizards
  An orc (D:8)
  7 plants
10 creatures vanquished.

Grand Total: 514 creatures vanquished

Notes
Turn   | Place    | Note
-------+----------+-------------------------------------------
     0 | D:1      | KamiKatze the Vine Stalker Fighter began the quest for the Orb.
     0 | D:1      | Reached XP level 1. HP: 11/11 MP: 2/2
     2 | D:1      | Noticed a demigod
     2 | D:1      | Noticed a naga
     4 | D:1      | Noticed a spriggan
     4 | D:1      | Noticed a vampire
     6 | D:1      | Noticed a draconian
     6 | D:1      | Noticed a demonspawn
     8 | D:1      | Noticed a merfolk
     8 | D:1      | Noticed a minotaur
    10 | D:1      | Noticed an elf
    12 | D:1      | Noticed a gargoyle
    12 | D:1      | Noticed a troll
    14 | D:1      | Noticed an octopode
    16 | D:1      | Noticed a formicid
    16 | D:1      | Noticed a halfling
    18 | D:1      | Noticed a tengu
    20 | D:1      | Noticed a ghoul
    20 | D:1      | Noticed a felid
    22 | D:1      | Noticed a centaur
    24 | D:1      | Noticed an ogre
    24 | D:1      | Noticed a vine stalker
    26 | D:1      | Noticed a human
    26 | D:1      | Noticed a dwarf
    66 | D:1      | Reached skill level 2 in Short Blades
    66 | D:1      | Reached XP level 2. HP: 16/16 MP: 3/3
   145 | D:1      | Found a snail-covered altar of Cheibriados.
   316 | D:1      | Reached XP level 3. HP: 18/19 MP: 4/4
   752 | D:2      | Found a white marble altar of Elyvilon.
   948 | D:2      | Gained mutation: Your natural rate of healing is unusually fast. [Vine Stalker growth]
   948 | D:2      | Reached XP level 4. HP: 16/24 MP: 5/5
  1248 | D:2      | You fall through a shaft!
  1279 | D:3      | Reached skill level 3 in Short Blades
  1283 | D:3      | Reached XP level 5. HP: 5/28 MP: 6/6
  1347 | D:3      | Found a blossoming altar of Fedhas.
  1632 | D:3      | Found a glowing silver altar of Zin.
  1632 | D:3      | Found a shadowy altar of Dithmenos.
  1632 | D:3      | Found a shimmering altar of Xom.
  2060 | D:3      | Reached XP level 6. HP: 32/32 MP: 7/7
  2805 | D:2      | Noticed Jessica
  2820 | D:2      | Killed Jessica
  3104 | D:4      | Reached skill level 4 in Short Blades
  3139 | D:4      | Reached XP level 7. HP: 23/37 MP: 8/8
  3218 | D:4      | Found a hazy altar of Hepliaklqana.
  3432 | D:4      | Found a glowing golden altar of the Shining One.
  3495 | D:4      | Noticed Eustachio
  3578 | D:4      | Killed Eustachio
  3578 | D:4      | Reached skill level 5 in Short Blades
  3578 | D:4      | Gained mutation: You have razor-sharp teeth. [Vine Stalker growth]
  3578 | D:4      | Reached XP level 8. HP: 21/42 MP: 5/9
  3599 | D:4      | Found a staircase to the Ecumenical Temple.
  3609 | Temple   | Entered the Ecumenical Temple
  3728 | Temple   | Became a worshipper of Uskayaw the Reveler
  3875 | D:5      | Entered Level 5 of the Dungeon
  3904 | D:5      | Reached * piety under Uskayaw
  3914 | D:5      | Reached ** piety under Uskayaw
  3918 | D:5      | Reached skill level 5 in Armour
  3918 | D:5      | Reached *** piety under Uskayaw
  3921 | D:5      | Reached **** piety under Uskayaw
  3990 | D:5      | Found a sand-covered staircase.
  3995 | Ossuary  | Entered an ossuary
  4405 | D:5      | Got a translucent dagger
  4406 | D:5      | Identified the +3 dagger of Loixorawn {antimagic, *Contam *Drain rElec MR+++} (You found it on level 5 of the Dungeon)
  4415 | D:5      | Gained mutation: You are dopey. (Int -2) [mutagenic glow]
  4581 | D:5      | Noticed Ijyb
  4594 | D:5      | Killed Ijyb
  4633 | D:5      | Reached skill level 1 in Invocations
  4851 | D:5      | Found a deep blue altar of Sif Muna.
  5055 | D:5      | Found a burning altar of Makhleb.
  5063 | D:5      | Reached skill level 1 in Dodging
  5167 | D:6      | Reached ***** piety under Uskayaw
  5169 | D:6      | Reached XP level 9. HP: 42/46 MP: 11/11
  5228 | D:6      | Found an ancient bone altar of Kikubaaqudgha.
  5232 | D:6      | Reached skill level 6 in Short Blades
  5237 | D:6      | Found a transporter.
  5262 | D:6      | Found a transporter.
  5313 | D:6      | Reached skill level 5 in Shields
  5319 | D:6      | Found a hide-covered altar of Uskayaw.
  5391 | D:6      | Reached skill level 5 in Fighting
  5728 | D:6      | Noticed a two-headed ogre
  5742 | D:6      | Killed a two-headed ogre
  5742 | D:6      | Reached skill level 7 in Short Blades
  5742 | D:6      | Reached XP level 10. HP: 19/51 MP: 4/13
  5916 | D:6      | Found Loisuso's Serpentskin Sales.
  6088 | D:7      | Noticed Dowan
  6095 | D:7      | Noticed Prince Ribbit
  6108 | D:7      | Noticed Duvessa
  6161 | D:7      | Killed Duvessa
  6187 | D:7      | Killed Prince Ribbit
  6272 | D:7      | Killed Dowan
  6355 | D:7      | Found a sacrificial altar of Ru.
  6408 | D:7      | Found a shattered altar of Ashenzari.
  6453 | D:7      | Found a shadowy altar of Dithmenos.
  6923 | D:8      | Found a blossoming altar of Fedhas.
  7157 | D:8      | Noticed marsu's ghost (novice MiBe)
  7589 | D:8      | Found a staircase to the Lair.
  7903 | D:8      | Found an ornate altar of the Wu Jian Council.
  8099 | D:8      | Noticed Pikel
  8327 | D:7      | Reached skill level 8 in Short Blades
  8434 | D:7      | Killed Pikel
  8639 | D:8      | Noticed a harpy
  8644 | D:8      | Killed a harpy
  8644 | D:8      | Reached XP level 11. HP: 41/56 MP: 10/15
  8999 | D:9      | Noticed a two-headed ogre
  9011 | D:9      | Killed a two-headed ogre
  9155 | D:9      | Noticed Maurice
  9189 | D:9      | Killed Maurice
  9327 | D:9      | Found a staircase to the Orcish Mines.
  9344 | D:9      | Reached ****** piety under Uskayaw
  9485 | D:9      | Found Amyhist's Antique Weapon Emporium.
  9686 | D:9      | Reached skill level 9 in Short Blades
  9855 | D:10     | Entered Level 10 of the Dungeon
  9878 | D:10     | Found a shattered altar of Ashenzari.
  9978 | D:10     | Reached skill level 5 in Invocations
 10435 | D:10     | Noticed Snorg
 10869 | D:10     | Noticed a two-headed ogre
 10899 | D:10     | Killed a two-headed ogre
 11290 | D:10     | Gained mutation: You heal very quickly. [Vine Stalker growth]
 11290 | D:10     | Reached XP level 12. HP: 62/62 MP: 17/17
 11505 | Lair:1   | Entered Level 1 of the Lair of Beasts
 11561 | Lair:1   | Found a transporter.
 11600 | Lair:1   | Found a transporter.
 12728 | Lair:2   | Found a hole to the Spider Nest.
 12746 | Lair:2   | Reached skill level 5 in Dodging
 12751 | Lair:2   | Reached skill level 10 in Short Blades
 12903 | Lair:2   | Found a staircase to the Swamp.
 14038 | Lair:4   | Reached XP level 13. HP: 68/68 MP: 18/18
 14642 | Lair:5   | Reached skill level 10 in Armour
 14661 | Lair:5   | Found a basalt altar of Yredelemnul.
 14832 | Lair:5   | Found a staircase to the Slime Pits.
 15613 | Lair:6   | Entered Level 6 of the Lair of Beasts
 15750 | Lair:5   | Reached skill level 11 in Short Blades
 16071 | Orc:1    | Entered Level 1 of the Orcish Mines
 16457 | Orc:1    | Noticed an orc warlord
 16572 | D:9      | Killed an orc warlord
 16807 | Orc:2    | Entered Level 2 of the Orcish Mines
 16808 | Orc:2    | Found a frozen archway.
 16943 | IceCv    | Entered an ice cave
 16951 | IceCv    | Slain by a death yak simulacrum

Skill      XL: |  1  2  3  4  5  6  7  8  9 10 11 12 13 |
---------------+----------------------------------------+-----
Short Blades   | 2 3 4 5 7 8 9 10 11 | 11.3
Shields        | 3 4 5 6 7 8 |  8.3
Fighting       | 3 4 5 6 7 8 |  8.3
Armour         | 3 4 5 6 7 8 9 10 | 10.5
Invocations    | 1 3 4 5 6 7 |  7.3
Dodging        | 1 2 3 4 5 6 |  6.2

Action                   |  1- 3 |  4- 6 |  7- 9 | 10-12 | 13-15 || total
-------------------------+-------+-------+-------+-------+-------++-------
Melee: Rapier            |   100 |   319 |   410 |   959 |   492 ||  2280
       Bite              |    26 |   118 |   132 |   388 |   228 ||   892
Throw: Stone             |       |       |       |     3 |       ||     3
Invok: Grand Finale      |       |       |       |     1 |       ||     1
  Use: Potion            |       |     1 |       |     2 |     1 ||     4
       Scroll            |       |       |    14 |    12 |     3 ||    29
 Stab: Paralysed         |       |       |    12 |    52 |    34 ||    98
  Eat: Chunk             |       |     8 |     9 |    27 |    10 ||    54
       Ration            |       |       |       |     1 |       ||     1
Armor: Scale mail        |    37 |    77 |   108 |       |       ||   222
       Chain mail        |       |       |    88 |   192 |       ||   280
       Plate armour      |       |       |       |   176 |   193 ||   369
Dodge: Dodged            |    30 |    55 |   113 |   212 |   100 ||   510
Block: Shield            |    47 |   120 |   195 |   483 |   273 ||  1118
